[Event "Titled Tuesday Blitz June 13 Early 2023"]
[White "feuervogel1000000"]
[Black "Srihari L R"]
[BlackFideId "46617116"]
[WhiteElo "2523"]
[BlackElo "2334"]
[Result "1/2-1/2"]
[Round "8"]
[TimeControl "180+2"]
[Date "2023.06.13"]
[WhiteClock "0:00:44"]
[BlackClock "0:00:07"]
[Board "52"]

1. d4 Nf6 2. c4 e6 3. Nc3 Bb4 4. e3 O-O 5. Bd3 d5 6. a3 Bxc3+ 7. bxc3 dxc4 8. Bxc4 c5 9. Ne2 Qc7 10. Bd3 e5 11. dxe5 Qxe5 12. O-O Nc6 13. f3 Rd8 14. Qc2 Be6 15. Ng3 c4 16. Be2 h5 17. f4 Qc5 18. Bf3 Rd3 19. Kh1 Qa5 20. e4 Rxc3 21. Qf2 Bg4 22. Bd2 h4 23. Ne2 Rxf3 24. gxf3 Qxd2 25. fxg4 Nxe4 26. Qg2 Re8 27. Ng1 Qxg2+ 28. Kxg2 c3 29. Rfe1 Nd4 30. Ne2 Nc2 31. Nxc3 Nxa1 32. Nxe4 Kf8 33. Kf3 Nc2 34. Rc1 Nd4+ 35. Ke3 f5 36. gxf5 Nxf5+ 37. Kf3 Nd4+ 38. Ke3 Nb5 39. Kf3 Nxa3 40. Rc7 Re7 41. Rc8+ Kf7 42. Ng5+ Kg6 43. Kg4 Nb5 44. Rf8 Nd6 45. f5+ Nxf5 46. Rxf5 Rc7 47. Ne6 Rc4+ 48. Nf4+ Kh7 49. Kxh4 b6 50. Kg5 a5 51. Rb5 Rc5+ 52. Rxc5 bxc5 53. Nd5 a4 54. Nc3 a3 55. h4 g6 56. Na2 Kg7 57. Kg4 Kh6 58. Nc3 c4 59. Na2 Kh7 60. Kg5 Kg7 61. Nb4 Kh7 62. Kf4 Kh6 63. Kg4 c3 64. Nc2 a2 65. Kg3 Kh5 66. Kh3 g5 67. hxg5 Kxg5 68. Kg3 Kf5 69. Kf3 Ke5 70. Ke3 Kd5 71. Kd3 a1=Q 72. Nxa1 c2 73. Nxc2 1/2-1/2


[Site "https://www.chess.com"]

[Event "Titled Tuesday Blitz June 13 Early 2023"]
[White "GMFYHR1"]
[Black "gau_npukyputb"]
[WhiteElo "2481"]
[BlackElo "2722"]
[Result "0-1"]
[Round "8"]
[TimeControl "180+2"]
[Date "2023.06.13"]
[WhiteClock "0:00:02"]
[BlackClock "0:00:25"]
[Board "53"]

1. e4 c5 2. Nf3 e6 3. d4 cxd4 4. Nxd4 a6 5. Nc3 Qc7 6. Bd3 Bc5 7. Nb3 Be7 8. O-O Nf6 9. Re1 d6 10. a4 b6 11. Be3 Nbd7 12. f4 Bb7 13. Kh1 O-O 14. Qf3 Kh8 15. Rad1 g6 16. Bd4 e5 17. Be3 exf4 18. Bxf4 Ne5 19. Qf1 Nfd7 20. Nd4 Bf6 21. Bh6 Bg7 22. Bxg7+ Kxg7 23. Qf4 Qd8 24. Re3 Nc5 25. Rg3 Ne6 26. Qf2 Nxd4 27. Qxd4 Qc7 28. Qe3 Rae8 29. Rh3 h5 30. Ne2 Qc5 31. Qg3 Ng4 32. Rf1 Bxe4 33. Bxe4 Rxe4 34. Nc3 Re5 35. Rh4 Rfe8 36. Qf3 Rf5 37. Qd1 Nf2+ 38. Rxf2 Qxf2 39. g3 Re1+ 0-1


[Site "https://www.chess.com"]

[Event "Titled Tuesday Blitz June 13 Early 2023"]
[White "Maevsky, Nikolay"]
[Black "Garcia Cuenca, Victor"]
[WhiteFideId "4198220"]
[BlackFideId "2250829"]
[WhiteElo "2021"]
[BlackElo "2329"]
[Result "1-0"]
[Round "8"]
[TimeControl "180+2"]
[Date "2023.06.13"]
[WhiteClock "0:00:06"]
[BlackClock "0:00:14"]
[Board "54"]

1. d4 Nf6 2. c4 e6 3. Nc3 Bb4 4. f3 d5 5. a3 Be7 6. e4 dxe4 7. fxe4 e5 8. d5 O-O 9. Nf3 Bg4 10. Be2 Nbd7 11. O-O a5 12. Kh1 Bxf3 13. Bxf3 h6 14. Rb1 Bc5 15. b4 axb4 16. axb4 Bd4 17. Nb5 Bb6 18. c5 c6 19. Nd6 Qc7 20. dxc6 bxc6 21. cxb6 Nxb6 22. Nf5 Kh7 23. Qe1 Ra2 24. Qh4 Ng8 25. Qg3 f6 26. Bh5 Rfa8 27. Qg6+ Kh8 28. Be3 Nc4 29. Rbc1 Nxe3 30. Nxe3 Qb6 31. Nf5 R8a7 32. Nh4 Qxb4 33. Qg4 Ne7 34. Ng6+ Nxg6 35. Bxg6 Ra8 36. Rxc6 Qf8 37. h4 Ra1 38. Rxa1 Rxa1+ 39. Kh2 Ra8 40. h5 Qd8 41. Qe6 Qf8 42. Rc7 Qg8 43. Qd7 Qf8 44. Bf5 Rd8 45. Qe7 Qxe7 46. Rxe7 Kg8 47. Bg6 Kf8 48. Rf7+ Kg8 49. Ra7 Kf8 50. Kh3 Rd3+ 51. Kg4 Rd8 52. Kf5 Rb8 53. Rf7+ Kg8 54. Rd7 Kf8 55. Ke6 Rb6+ 56. Rd6 Rb8 57. Kf5 Ra8 58. g3 Rb8 59. Rd7 Ra8 60. Ke6 Ra6+ 61. Kd5 Ra5+ 62. Kc6 Ra8 63. Rf7+ Kg8 64. Kb7 Ra1 65. Rc7 Rb1+ 66. Ka8 Ra1+ 67. Kb8 Rb1+ 68. Kc8 Ra1 69. Kd8 Ra8+ 70. Rc8 Rxc8+ 71. Kxc8 Kf8 72. Kd7 Kg8 73. Ke6 Kf8 74. Kf5 Kg8 75. Be8 Kh8 76. Bd7 Kg8 77. Kg6 Kh8 78. Kf7 Kh7 79. Bf5+ Kh8 80. Bg6 f5 81. exf5 e4 82. f6 gxf6 83. Bxe4 f5 84. Bg2 Kh7 85. Kf6 Kg8 86. Kg6 Kh8 87. Kxh6 f4 88. gxf4 1-0


[Site "https://www.chess.com"]

[Event "Titled Tuesday Blitz June 13 Early 2023"]
[White "Jaracz, Pawel"]
[Black "Itkis, Boris"]
[WhiteFideId "1102222"]
[BlackFideId "1209167"]
[WhiteElo "2454"]
[BlackElo "2219"]
[Result "1-0"]
[Round "8"]
[TimeControl "180+2"]
[Date "2023.06.13"]
[WhiteClock "0:00:16"]
[BlackClock "0:00:20"]
[Board "55"]

1. d4 d5 2. c4 e6 3. Nf3 Nf6 4. g3 Bb4+ 5. Bd2 a5 6. Bg2 O-O 7. Qc2 c5 8. cxd5 cxd4 9. Nxd4 Qb6 10. e3 exd5 11. O-O Nc6 12. Nxc6 bxc6 13. Nc3 Rb8 14. Rfc1 h5 15. Na4 Qd8 16. Bxb4 Rxb4 17. b3 h4 18. Qxc6 h3 19. Bh1 Bd7 20. Qc7 Bxa4 21. bxa4 Rxa4 22. Qxd8 Rxd8 23. Rd1 d4 24. Rd3 Rd7 25. a3 dxe3 26. Rxe3 Rd2 27. Rc1 Rad4 28. Bf3 g5 29. Be2 Re4 30. Rxe4 Nxe4 31. Kf1 Kg7 32. f3 Nf6 33. Rc5 Kg6 34. Rxa5 Nd5 35. Ke1 Rd4 36. Rc5 f6 37. Rc4 Ne3 38. Rxd4 Nc2+ 39. Kd2 Nxd4 40. a4 f5 41. Ke3 Nb3 42. Bc4 Na5 43. Bd5 Kf6 44. f4 g4 45. Kd4 Ke7 46. Ke5 1-0


[Site "https://www.chess.com"]

[Event "Titled Tuesday Blitz June 13 Early 2023"]
[White "Timerkhanov, Alexander"]
[Black "Levitan, Caleb Levi"]
[WhiteFideId "24177938"]
[BlackFideId "14332620"]
[WhiteElo "2278"]
[BlackElo "1963"]
[Result "1-0"]
[Round "8"]
[TimeControl "180+2"]
[Date "2023.06.13"]
[WhiteClock "0:02:09"]
[BlackClock "0:01:30"]
[Board "56"]

1. d4 d5 2. Bf4 c5 3. e3 Nc6 4. c3 Nf6 5. Nd2 Qb6 6. Qb3 c4 7. Qc2 g6 8. e4 e6 9. Ngf3 Bg7 10. e5 Nd7 11. h4 h5 12. Be2 Qd8 13. Ng5 b5 14. g4 hxg4 15. Bxg4 b4 16. Bxe6 O-O 17. Qxg6 fxe6 18. Qh7# 1-0


[Site "https://www.chess.com"]

[Event "Titled Tuesday Blitz June 13 Early 2023"]
[White "Bodnaruk, Anastasia"]
[Black "Shimanov, Aleksandr"]
[WhiteFideId "4181751"]
[BlackFideId "4198603"]
[WhiteElo "2304"]
[BlackElo "2631"]
[Result "1-0"]
[Round "8"]
[TimeControl "180+2"]
[Date "2023.06.13"]
[WhiteClock "0:00:11"]
[BlackClock "0:00:00"]
[Board "57"]

1. e4 d5 2. exd5 Qxd5 3. Nc3 Qe5+ 4. Be2 Bg4 5. d4 Bxe2 6. Ngxe2 Qa5 7. O-O Nf6 8. Nf4 c6 9. Re1 Nbd7 10. d5 cxd5 11. Ncxd5 Nxd5 12. Nxd5 e6 13. Bf4 Rc8 14. Rxe6+ Kd8 15. Bg5+ f6 16. Nxf6 gxf6 17. Bxf6+ Kc7 18. Bxh8 Qf5 19. Qe2 Bc5 20. Bc3 Bxf2+ 21. Kh1 Bc5 22. Rf1 Qd5 23. Rd1 Qf5 24. Be5+ Kd8 25. Bg3 Qf7 26. Re5 Rc6 27. Red5 Kc8 28. Rxd7 Qxd7 29. Rxd7 Kxd7 30. Qg4+ Re6 31. h4 Be7 32. c4 b6 33. Qf5 h6 34. Be5 Bxh4 35. b4 Be7 36. Bf4 a6 37. c5 bxc5 38. bxc5 Bd8 39. c6+ Ke7 40. Qc5+ Kf6 41. c7 Be7 42. Qc3+ Kf5 43. c8=Q 1-0


[Site "https://www.chess.com"]

[Event "Titled Tuesday Blitz June 13 Early 2023"]
[White "Shukhman, Anna"]
[Black "Ivanchuk, Vasyl"]
[WhiteFideId "54180058"]
[BlackFideId "14100010"]
[WhiteElo "2235"]
[BlackElo "2710"]
[Result "0-1"]
[Round "8"]
[TimeControl "180+2"]
[Date "2023.06.13"]
[WhiteClock "0:00:00"]
[BlackClock "0:01:23"]
[Board "58"]

1. e4 Nf6 2. e5 Nd5 3. d4 d6 4. c4 Nb6 5. f4 Bf5 6. Nc3 e6 7. Nf3 dxe5 8. fxe5 Bb4 9. Bd3 c5 10. Bg5 Qd7 11. Bxf5 exf5 12. d5 Nxc4 13. O-O O-O 14. Qe2 Bxc3 15. Qxc4 Bxb2 16. Rab1 Bd4+ 17. Nxd4 cxd4 18. e6 Qd6 19. Rxb7 fxe6 20. dxe6 Qc6 21. Qb3 Kh8 22. e7 Re8 23. Rxf5 Nd7 24. Rxd7 Qxd7 25. Qf7 Qc8 26. h4 d3 27. h5 d2 28. Bxd2 Rxe7 29. Qxe7 Qxf5 30. Bc3 Qg4 31. h6 Qd1+ 32. Kf2 Qc2+ 0-1


[Site "https://www.chess.com"]

[Event "Titled Tuesday Blitz June 13 Early 2023"]
[White "Kosakowski, Jakub"]
[Black "Chos, Alexey"]
[WhiteFideId "1185080"]
[BlackFideId "14117762"]
[WhiteElo "2488"]
[BlackElo "2234"]
[Result "1/2-1/2"]
[Round "8"]
[TimeControl "180+2"]
[Date "2023.06.13"]
[WhiteClock "0:00:09"]
[BlackClock "0:00:00"]
[Board "59"]

1. d4 Nf6 2. Nf3 g6 3. Nbd2 d5 4. b4 Bg7 5. e3 O-O 6. c4 Ne4 7. Bb2 a5 8. b5 c5 9. a4 Bg4 10. Be2 e6 11. h3 Bf5 12. O-O g5 13. Qc1 cxd4 14. Nxd4 Bg6 15. cxd5 exd5 16. Nxe4 Bxe4 17. Nb3 Nd7 18. Bxg7 Kxg7 19. Rd1 Qf6 20. Qd2 Rfc8 21. Rac1 Nb6 22. Nxa5 Nxa4 23. Nxb7 Nc3 24. Bg4 Rc7 25. b6 Rc4 26. Nd6 Ra2 27. Nxe4 Rxd2 28. Nxf6 Rxd1+ 29. Rxd1 Nxd1 30. Nxd5 Rc1 31. Kh2 Nxf2 32. Bf5 Rc5 33. Nc7 Rc3 34. b7 Rb3 35. Bc8 Ne4 36. Na6 Nd6 37. b8=Q Rxb8 38. Nxb8 Nxc8 39. Nc6 Kf6 40. Nd4 h6 41. g4 Ke5 42. Nf5 h5 43. Nh6 hxg4 44. hxg4 Nd6 45. Kg3 Ke4 46. Ng8 f6 47. Nxf6+ Kxe3 48. Nh7 Ne4+ 49. Kg2 Kf4 50. Kh3 Kf3 51. Nf8 Kf4 52. Ne6+ Ke5 53. Ng7 Kf4 54. Nh5+ Kf3 55. Ng7 Nf2+ 56. Kh2 Nxg4+ 57. Kg1 Nf2 58. Ne6 g4 59. Ng5+ Ke3 60. Ne6 Kf3 61. Nd4+ Ke3 62. Nf5+ Kf3 63. Nd4+ Kg3 64. Ne2+ 1/2-1/2


[Site "https://www.chess.com"]

[Event "Titled Tuesday Blitz June 13 Early 2023"]
[White "Arat, Ufuk Sezen"]
[Black "Harutjunyan, Gevorg"]
[WhiteFideId "6309089"]
[BlackFideId "13300873"]
[WhiteElo "2289"]
[BlackElo "2474"]
[Result "1-0"]
[Round "8"]
[TimeControl "180+2"]
[Date "2023.06.13"]
[WhiteClock "0:00:12"]
[BlackClock "0:00:01"]
[Board "60"]

1. e4 c6 2. d4 d5 3. e5 Bf5 4. h4 h6 5. Bd3 Bxd3 6. Qxd3 e6 7. g4 h5 8. gxh5 Rxh5 9. Bg5 Be7 10. Nf3 Na6 11. Nbd2 Qa5 12. Rg1 g6 13. a3 c5 14. dxc5 Nxc5 15. Qe3 Ne4 16. O-O-O Nxg5 17. hxg5 O-O-O 18. Nb3 Qb6 19. Nfd4 Bf8 20. f4 Ne7 21. Rd3 Kb8 22. Kb1 Rc8 23. Rgd1 Rc4 24. Rc3 Rh2 25. Rxc4 dxc4 26. Nc1 Nd5 27. Qg3 c3 28. Ncb3 Rh8 29. Qd3 a6 30. Ka2 cxb2 31. Kxb2 Be7 32. c4 Nxf4 33. Qg3 Nh5 34. Qf3 Qc7 35. c5 Bxg5 36. c6 b6 37. Qe2 Ka7 38. Nb5+ axb5 39. Rd7 Rc8 40. Rxc7+ Rxc7 41. Qxb5 Bf4 42. a4 Ng3 43. a5 Be3 44. Qa4 Kb8 45. axb6 Bxb6 46. Qb5 Ka7 47. Nd2 Ne2 48. Qxe2 Rxc6 49. Nc4 Bd4+ 50. Ka3 Bc5+ 51. Ka4 Bd4 52. Kb5 Rc5+ 53. Kb4 Rd5 54. Qa2+ Kb7 55. Nd6+ Kb6 56. Qa8 Bc5+ 57. Ka4 Rd4+ 58. Kb3 Bxd6 59. exd6 Rxd6 60. Qf8 Rd7 61. Kc4 Kc6 62. Qe8 Kd6 63. Kd4 f5 64. Qf8+ Kc6+ 65. Ke5 Rd5+ 66. Kxe6 Rc5 67. Qb8 Rb5 68. Qc8+ Kb6 69. Kd6 f4 70. Qc7+ Ka6 71. Kc6 Rb1 72. Qc8+ Ka7 73. Qd7+ Ka6 74. Qd3+ Ka7 75. Qxb1 1-0


[Site "https://www.chess.com"]

[Event "Titled Tuesday Blitz June 13 Early 2023"]
[White "Vignesh N R"]
[Black "Vovk, Orest"]
[WhiteFideId "25012215"]
[BlackFideId "14113490"]
[WhiteElo "2415"]
[BlackElo "2215"]
[Result "1-0"]
[Round "8"]
[TimeControl "180+2"]
[Date "2023.06.13"]
[WhiteClock "0:00:18"]
[BlackClock "0:00:06"]
[Board "61"]

1. Nf3 h6 2. g3 g5 3. Bg2 g4 4. Ne5 d6 5. Nc4 Bg7 6. e4 h5 7. d4 Nc6 8. Be3 e5 9. d5 Nce7 10. h4 gxh3 11. Bxh3 Bxh3 12. Rxh3 Nf6 13. Nc3 Qd7 14. Rh1 Ng4 15. Qd3 f5 16. f3 Nxe3 17. Nxe3 fxe4 18. Nxe4 O-O-O 19. O-O-O Bh6 20. Kb1 Bxe3 21. Qxe3 Kb8 22. Rd3 Nf5 23. Qf2 Rdf8 24. Ra3 a6 25. Rd3 Nd4 26. c3 Qf5 27. cxd4 Qxe4 28. fxe4 Rxf2 29. dxe5 dxe5 30. g4 h4 31. Rdh3 Re2 32. Rxh4 Rxh4 33. Rxh4 Rxe4 34. Rh8+ Ka7 35. g5 Rg4 36. Rg8 Kb6 37. g6 e4 38. Kc2 Rg2+ 39. Kc3 e3 40. g7 e2 41. Kd2 Kc5 42. d6 Kc6 43. a4 Kd7 44. b4 cxd6 45. Rb8 Rxg7 46. Rxb7+ 1-0


[Site "https://www.chess.com"]

[Event "Titled Tuesday Blitz June 13 Early 2023"]
[White "Parondo, Rolly"]
[Black "Bryakin, Mikhail"]
[WhiteFideId "5217407"]
[BlackFideId "4165314"]
[WhiteElo "2141"]
[BlackElo "2464"]
[Result "0-1"]
[Round "8"]
[TimeControl "180+2"]
[Date "2023.06.13"]
[WhiteClock "0:00:05"]
[BlackClock "0:00:05"]
[Board "62"]

1. d4 Nf6 2. Bf4 d6 3. e3 g6 4. Nf3 Bg7 5. Bc4 O-O 6. O-O Nfd7 7. h3 e5 8. Bh2 Nc6 9. a4 h6 10. Nc3 Kh7 11. a5 a6 12. Nd5 f5 13. c3 e4 14. Nd2 Ne7 15. Nxe7 Qxe7 16. f4 c6 17. g4 Nf6 18. Be2 d5 19. Rf2 Be6 20. Rg2 Nd7 21. Qe1 Rg8 22. b4 Bf6 23. Nb3 Rg7 24. Nc5 Nxc5 25. bxc5 Rag8 26. Rb1 g5 27. fxg5 Bxg5 28. Qg3 fxg4 29. Bxg4 Bxg4 30. hxg4 Bh4 31. Qh3 Qd7 32. Kh1 Bd8 33. Bf4 Bg5 34. Be5 Rf7 35. Rg3 Qd8 36. Qh5 Rg6 37. Bf4 Kg7 38. Rh3 Bxf4 39. exf4 Qf6 40. g5 Qxf4 41. Rg1 Kh7 42. Rhg3 Rf5 43. Qh3 Rf7 44. gxh6 Rxh6 45. R1g2 Rxh3+ 46. Rxh3+ Qh6 47. Rxh6+ Kxh6 48. Rh2+ Kg5 49. Kg2 Rg7 50. Kf2 Kf4 51. Rh4+ Rg4 52. Rh8 e3+ 53. Ke2 Rg2+ 54. Ke1 Ke4 55. Rb8 Kd3 56. Kf1 Rb2 57. Re8 Rb1+ 58. Kg2 e2 0-1


[Site "https://www.chess.com"]

[Event "Titled Tuesday Blitz June 13 Early 2023"]
[White "Klukin, Kirill"]
[Black "Garakov, Mikhael"]
[WhiteFideId "24199273"]
[BlackFideId "4169034"]
[WhiteElo "2344"]
[BlackElo "2347"]
[Result "1-0"]
[Round "8"]
[TimeControl "180+2"]
[Date "2023.06.13"]
[WhiteClock "0:02:42"]
[BlackClock "0:02:04"]
[Board "63"]

1. d4 c5 2. e3 e6 3. Nf3 Nf6 4. Bd3 b6 5. O-O Bb7 6. c4 Be7 7. Nc3 d6 8. d5 e5 9. Nd2 O-O 10. f4 Nbd7 11. Nf3 exf4 12. exf4 Re8 13. Bd2 a6 14. a4 Nf8 15. Qc2 N6d7 16. Rae1 Bf6 17. Ne4 Be7 18. Bc3 Nf6 19. Nfg5 Nxe4 20. Bxe4 h6 21. Bh7+ 1-0


[Site "https://www.chess.com"]

[Event "Titled Tuesday Blitz June 13 Early 2023"]
[White "MKlose11"]
[Black "Aradhya, Garg"]
[BlackFideId "25006746"]
[WhiteElo "2541"]
[BlackElo "2263"]
[Result "1/2-1/2"]
[Round "8"]
[TimeControl "180+2"]
[Date "2023.06.13"]
[WhiteClock "0:00:59"]
[BlackClock "0:01:06"]
[Board "64"]

1. e4 e5 2. Nf3 Nc6 3. d4 exd4 4. Bc4 Nf6 5. O-O Nxe4 6. Re1 d5 7. Bxd5 Qxd5 8. Nc3 Qh5 9. Nxe4 Be6 10. Bg5 Bd6 11. Nxd6+ cxd6 12. Bf4 Qc5 13. c3 O-O 14. Nxd4 Nxd4 15. Qxd4 Qxd4 16. cxd4 Rfd8 17. Rec1 Rd7 18. a3 h6 19. Rc3 g5 20. Bg3 Bd5 21. h4 f5 22. f3 Re8 23. Rac1 Re2 24. R1c2 Rxc2 25. Rxc2 f4 26. Be1 Kf7 27. hxg5 hxg5 28. Ba5 b6 29. Bb4 Ke6 30. Re2+ Kf5 31. Re8 Bf7 32. Re2 a5 33. Bc3 Rc7 34. Kf2 Bd5 35. Re8 Bc4 36. g4+ fxg3+ 37. Kxg3 a4 38. Bb4 d5 39. Bd6 Rf7 40. Be5 Be2 41. Kf2 Bd1 42. Rg8 Ke6 43. Rg6+ Ke7 44. Rxg5 Rxf3+ 45. Ke1 Bb3 46. Rg7+ Rf7 47. Rg6 b5 48. Rb6 Bc4 49. Rb7+ Ke6 50. Rxf7 Kxf7 51. Kd2 Ke7 52. Kc3 Ke6 53. Bc7 Kf5 54. Ba5 Ke4 55. Bb4 Ke3 56. Bc5 Ke2 57. Bb4 Kd1 58. Bc5 Kc1 59. Bb4 Kb1 60. Bc5 Bb3 61. Bb4 Ka2 62. Bc5 Ka1 63. Bb4 Kb1 64. Bc5 Kc1 65. Bb4 Kd1 66. Bc5 Ke2 67. Bb4 Ke3 68. Bc5 Ke4 69. Kb4 Bc4 70. Kc3 Ke3 71. Bb4 Bd3 72. Bc5 Be4 73. Kb4 Bd3 74. Kc3 Ke2 75. Bb4 Bc4 76. Bc5 Kd1 77. Bb4 Kc1 78. Bc5 Bb3 79. Bb4 Kb1 80. Bc5 Bd1 81. Bb4 Bc2 82. Bc5 Bg6 83. Bb4 Be8 84. Bc5 Bd7 85. Bb4 Bc6 86. Bc5 Bb7 87. b3 Ka2 88. bxa4 bxa4 89. Kb4 Bc6 90. Ka5 Kb3 91. Kb6 Be8 92. Kc7 Kc4 93. Kd6 Bh5 94. Kc7 Bf3 95. Kb6 Kb3 96. Ka5 Be4 97. Kb5 Bd3+ 98. Kb6 Bc4 99. Kc7 Bd3 100. Kd6 Be4 101. Ke5 Bf3 102. Kf4 Bg2 103. Ke3 Be4 104. Kf4 Kc3 105. Kg4 Kd3 106. Kg5 Ke3 107. Kh6 Kf4 108. Kg7 Kf5 109. Kh8 Kf6 110. Kg8 Bg6 111. Kf8 Bf7 112. Be7+ Ke6 113. Bc5 Bh5 114. Kg7 Be8 115. Kh6 Kf5 116. Kg7 Ke4 117. Kf8 Bb5 118. Ke7 Bc4 119. Kd6 Bb3 120. Kc7 Kd3 121. Kb6 Kc3 122. Ka5 Kc4 123. Kb6 Kc3 1/2-1/2


[Site "https://www.chess.com"]

[Event "Titled Tuesday Blitz June 13 Early 2023"]
[White "Parpiev, Isaak"]
[Black "Postny, Evgeny"]
[WhiteFideId "34281576"]
[BlackFideId "2804344"]
[WhiteElo "2167"]
[BlackElo "2504"]
[Result "1-0"]
[Round "8"]
[TimeControl "180+2"]
[Date "2023.06.13"]
[WhiteClock "0:00:04"]
[BlackClock "0:00:35"]
[Board "65"]

1. d4 Nf6 2. c4 e5 3. dxe5 Ne4 4. a3 Nc6 5. Nf3 a5 6. Bf4 d6 7. e3 Bf5 8. exd6 Bxd6 9. Bxd6 Nxd6 10. Nc3 O-O 11. Be2 Qf6 12. O-O Rad8 13. Qc1 Ne7 14. Nd4 Bc8 15. c5 Ndf5 16. Nf3 Ng6 17. b4 Ngh4 18. Ne4 Qe7 19. Ng3 Nxf3+ 20. Bxf3 Nh4 21. Be4 f5 22. Bc2 Be6 23. Qb2 Qf7 24. Rad1 Bc4 25. Rfe1 Bd5 26. Rxd5 Rxd5 27. Bb3 c6 28. f3 axb4 29. axb4 Rfd8 30. e4 fxe4 31. fxe4 Qe6 32. Rf1 Kh8 33. exd5 Qe3+ 34. Kh1 cxd5 35. Bxd5 Qd3 36. Bxb7 h6 37. Be4 Qc4 38. Qf2 Qxb4 39. Qf8+ 1-0


[Site "https://www.chess.com"]

[Event "Titled Tuesday Blitz June 13 Early 2023"]
[White "Toncheva, Nadya"]
[Black "Skvortsov, Andrei"]
[WhiteFideId "2924056"]
[BlackFideId "24108600"]
[WhiteElo "2101"]
[BlackElo "2259"]
[Result "1/2-1/2"]
[Round "8"]
[TimeControl "180+2"]
[Date "2023.06.13"]
[WhiteClock "0:00:11"]
[BlackClock "0:00:20"]
[Board "66"]

1. e4 e6 2. d4 d5 3. Nd2 a6 4. Ngf3 c5 5. c3 Nc6 6. exd5 exd5 7. Bd3 Nf6 8. O-O cxd4 9. Re1+ Be7 10. Nxd4 Nxd4 11. cxd4 O-O 12. h3 Bb4 13. a3 Ba5 14. b4 Bb6 15. Nf3 Re8 16. Bf4 Ne4 17. Be5 f6 18. Bf4 Bf5 19. Qb3 Qd7 20. Rad1 Rac8 21. Bxe4 Bxe4 22. Rc1 Bxf3 23. Qxf3 Bxd4 24. Red1 Rxc1 25. Bxc1 Re4 26. Bb2 Bxb2 27. Qxe4 dxe4 28. Rxd7 b5 29. Rd6 Bxa3 30. Rxa6 Bxb4 31. Rb6 Bc3 32. Rxb5 g6 33. Rb7 f5 34. Kf1 Bd4 35. Ke2 Bc5 36. g4 f4 37. Rc7 Bb6 38. Rc4 f3+ 39. Kf1 e3 40. fxe3 Bxe3 41. Rc3 Bg5 42. Rxf3 Bh4 43. Ra3 h6 44. Ra7 Kh8 45. Rb7 Kg8 46. Kg2 Kf8 47. Kf3 Bg5 48. Kg3 Bd2 49. Kf3 Bg5 50. Ke4 Bh4 51. Ke5 Bg5 52. Ke6 Bh4 53. Rf7+ Kg8 54. Rb7 Kf8 55. Rb3 Bg5 56. Rf3+ Kg7 57. Rf1 Bh4 58. Rh1 Kg8 59. Rf1 Kg7 60. Rf7+ Kg8 61. Rf6 Kg7 62. Rf1 Bg5 63. Ke5 Bh4 64. Ke4 Kg8 65. Kf3 Kg7 66. Rd1 Kg8 67. Rd7 Kh8 68. Kg2 Kg8 69. Rd6 Kf7 70. Ra6 Kg7 71. g5 Bxg5 72. Kg3 h5 73. h4 Bf6 74. Rc6 Kf7 75. Rc4 Bd8 76. Rf4+ Kg7 77. Re4 Bc7+ 78. Kf3 Bd8 79. Ke3 Kf6 80. Kd4 Kf5 81. Kd5 Bf6 82. Ra4 g5 83. hxg5 1/2-1/2


[Site "https://www.chess.com"]

[Event "Titled Tuesday Blitz June 13 Early 2023"]
[White "Kucuksari, Kaan"]
[Black "Liu, Casper"]
[WhiteFideId "6380166"]
[BlackFideId "1454153"]
[WhiteElo "2364"]
[BlackElo "2221"]
[Result "1-0"]
[Round "8"]
[TimeControl "180+2"]
[Date "2023.06.13"]
[WhiteClock "0:01:36"]
[BlackClock "0:01:33"]
[Board "67"]

1. e4 c5 2. Nf3 d6 3. d4 cxd4 4. Nxd4 Nf6 5. Nc3 Nc6 6. Bg5 Bd7 7. Bxf6 gxf6 8. Qd2 Rc8 9. O-O-O h5 10. Kb1 Bh6 11. Qe1 Bf4 12. Nde2 Be5 13. f4 Bxc3 14. Nxc3 Qa5 15. Bc4 a6 16. Bb3 b5 17. Qg3 Kf8 18. Nd5 Be6 19. Rhe1 Rg8 20. Qh4 Bg4 21. Rd3 Nb4 22. Nxb4 Qxb4 23. f5 Bxf5 24. a3 Rg4 25. axb4 Rxh4 26. exf5 Rxh2 27. Rde3 Rc7 28. Bd5 h4 29. c3 Ke8 30. Ka2 Ra7 31. Kb3 Kd8 32. Bxf7 Rxg2 33. Rh3 Rg4 34. Reh1 e5 35. fxe6 1-0


[Site "https://www.chess.com"]

[Event "Titled Tuesday Blitz June 13 Early 2023"]
[White "Mohammad Fahad, Rahman"]
[Black "Brunner, Nicolas"]
[WhiteFideId "10207791"]
[BlackFideId "620246"]
[WhiteElo "2339"]
[BlackElo "2319"]
[Result "1-0"]
[Round "8"]
[TimeControl "180+2"]
[Date "2023.06.13"]
[WhiteClock "0:01:31"]
[BlackClock "0:00:00"]
[Board "68"]

1. Nf3 c5 2. b3 Nc6 3. Bb2 d6 4. e3 Bg4 5. c4 Nf6 6. Be2 e6 7. O-O Be7 8. d4 Qd7 9. h3 Bf5 10. Nc3 O-O 11. Nh4 Bg6 12. Nxg6 hxg6 13. Bf3 Rad8 14. dxc5 dxc5 15. Qxd7 Rxd7 16. Bxc6 bxc6 17. Rfd1 Rfd8 18. Rxd7 Rxd7 19. Rd1 Rxd1+ 20. Nxd1 Nd7 21. Kf1 f5 22. Ke2 Kf7 23. Nc3 Bf6 24. Na4 Bxb2 25. Nxb2 e5 26. h4 Kf6 27. e4 Nf8 28. Nd3 Ne6 29. Ke3 a6 30. g3 1-0


[Site "https://www.chess.com"]

[Event "Titled Tuesday Blitz June 13 Early 2023"]
[White "Fus, Jakub"]
[Black "Ciorgovean, Iustin"]
[WhiteFideId "1193023"]
[BlackFideId "1242911"]
[WhiteElo "2335"]
[BlackElo "2186"]
[Result "1/2-1/2"]
[Round "8"]
[TimeControl "180+2"]
[Date "2023.06.13"]
[WhiteClock "0:00:06"]
[BlackClock "0:00:34"]
[Board "69"]

1. c4 Nf6 2. Nc3 e5 3. Nf3 Nc6 4. e3 Bb4 5. Qc2 Bxc3 6. Qxc3 Qe7 7. d4 Ne4 8. Qd3 exd4 9. Nxd4 Qb4+ 10. Ke2 Nc5 11. Qc2 O-O 12. f3 Nxd4+ 13. exd4 Ne6 14. Be3 d6 15. a3 Qa5 16. d5 Nc5 17. Kf2 Qa4 18. Qxa4 Nxa4 19. b3 Nc5 20. b4 Nd7 21. Bd3 b6 22. Bd4 Ne5 23. Be2 Bf5 24. Rad1 a5 25. g4 Bg6 26. f4 f6 27. b5 Rae8 28. Rhe1 Nd7 29. Bf3 Rxe1 30. Rxe1 Re8 31. Rxe8+ Bxe8 32. Be4 Bg6 33. Bxg6 hxg6 34. h4 f5 35. g5 Kf7 36. Kg3 Nf8 37. Kf3 Nd7 38. Kg3 Nb8 39. a4 Nd7 40. Kf3 Nf8 41. Kg3 Nh7 42. Kf3 Nf8 43. Kg3 Nd7 44. Kf3 Nf8 1/2-1/2


[Site "https://www.chess.com"]

[Event "Titled Tuesday Blitz June 13 Early 2023"]
[White "Chernomordik, Pavel"]
[Black "Souleidis, Georgios"]
[WhiteFideId "2804530"]
[BlackFideId "4206827"]
[WhiteElo "2193"]
[BlackElo "2401"]
[Result "1/2-1/2"]
[Round "8"]
[TimeControl "180+2"]
[Date "2023.06.13"]
[WhiteClock "0:00:46"]
[BlackClock "0:00:20"]
[Board "70"]

1. e4 c5 2. Nc3 e6 3. f4 a6 4. g3 b5 5. Bg2 Bb7 6. Qe2 b4 7. Nd1 d5 8. exd5 Bxd5 9. Ne3 Bxg2 10. Qxg2 Nd7 11. Nf3 Ngf6 12. O-O Be7 13. b3 O-O 14. Bb2 a5 15. a4 Nb6 16. Ne5 Qc7 17. d3 Nfd5 18. Rae1 Rad8 19. f5 Nxe3 20. Rxe3 exf5 21. Rxf5 f6 22. Nc6 Rde8 23. Nxa5 Nxa4 24. bxa4 Qxa5 25. Qd5+ Kh8 26. Qd7 Qd8 27. Qxd8 Bxd8 28. Rxe8 Rxe8 29. Kf2 Kg8 30. Rd5 Be7 31. Rd7 Kf7 32. Ra7 Ke6 33. Bc1 g5 34. Be3 Rc8 35. Ke2 h5 36. a5 Rb8 37. Rc7 Bd6 38. Rh7 Ra8 39. Rxh5 Rxa5 40. h4 gxh4 41. gxh4 Ra2 42. Kd1 Ra1+ 43. Ke2 Ra2 44. Kd1 Ra1+ 45. Ke2 Ra2 1/2-1/2


[Site "https://www.chess.com"]

[Event "Titled Tuesday Blitz June 13 Early 2023"]
[White "Sadykov, Ramil"]
[Black "brm72"]
[WhiteFideId "24113590"]
[WhiteElo "2245"]
[BlackElo "2528"]
[Result "0-1"]
[Round "8"]
[TimeControl "180+2"]
[Date "2023.06.13"]
[WhiteClock "0:00:00"]
[BlackClock "0:00:16"]
[Board "71"]

1. Nf3 c5 2. e4 e6 3. c3 d5 4. d3 Nc6 5. Nbd2 g6 6. g3 Bg7 7. Bg2 Nf6 8. O-O O-O 9. Qe2 a5 10. a4 b6 11. Re1 Ba6 12. e5 Nd7 13. Nb1 Ndxe5 14. Nxe5 Nxe5 15. Rd1 Rc8 16. Na3 Re8 17. h4 h5 18. Bg5 Bf6 19. Bf4 Nc6 20. Qc2 e5 21. Be3 Qd7 22. Qb3 d4 23. Bc1 Rb8 24. Nc4 Qc7 25. Re1 Kg7 26. Kh2 Bc8 27. Bd2 Be6 28. Bh3 Bd5 29. Bg2 Be6 30. Bh3 Bxh3 31. Kxh3 Ne7 32. Kg2 Nf5 33. Qb5 Nd6 34. Nxd6 Qxd6 35. Re4 Red8 36. c4 Rb7 37. Rae1 Rc8 38. Kg1 Qc6 39. Qb3 Re7 40. Bg5 Rce8 41. Qd1 Re6 42. R1e2 Qd6 43. Qd2 Bd8 44. Re1 f6 45. Bh6+ Kf7 46. Qc1 f5 47. R4e2 e4 48. Qd2 Bf6 49. Bg5 Bg7 50. Qc1 Qc6 51. Qd2 Qxa4 0-1


[Site "https://www.chess.com"]